 Dungeon Crawl Stone Soup version 0.19.0 (webtiles) character file.

107 CanadianGator the Skirmisher (level 4, -12/41 HPs)
             Began as a Minotaur Fighter on Nov 9, 2016.
             Was an Initiate of Okawaru.
             Mangled by an ogre
             ... wielding a +0 giant club
              (17 damage)
             ... on level 4 of the Dungeon.
             The game lasted 00:08:03 (1422 turns).

CanadianGator the Skirmisher (Minotaur Fighter)     Turns: 1422, Time: 00:08:04

Health: -12/41     AC:  8    Str: 21    XL:     4   Next: 57%
Magic:  3/3        EV:  8    Int:  5    God:    Okawaru [......]
Gold:   164        SH:  9    Dex: 10    Spells: 0 memorised, 3 levels left

rFire  . . .     SeeInvis .     a - +0 war axe
rCold  . . .     Gourm    .     b - +0 scale mail
rNeg   . . .     Faith    .     c - +0 shield
rPois  .         Spirit   .     (helmet restricted)
rElec  .         Reflect  .     k - +0 cloak
rCorr  .         Harm     .     (no gloves)
MR     .....                    (no boots)
Stlth  ..........               n - amulet of magic regeneration
                                (no ring)
                                (no ring)

@: no status effects
A: retaliatory headbutt, horns 2
a: Renounce Religion


You were on level 4 of the Dungeon.
You worshipped Okawaru.
Okawaru was noncommittal.
You were near starving.

You visited 1 branch of the dungeon, and saw 4 of its levels.

You collected 164 gold pieces.

Inventory:

Hand Weapons
 a - a +0 war axe (weapon)
Missiles
 v - 2 javelins
 w - 8 tomahawks (quivered)
Armour
 b - a +0 scale mail (worn)
 c - a +0 shield (worn)
 k - a +0 cloak (worn)
Jewellery
 n - an amulet of magic regeneration (around neck)
Scrolls
 e - a scroll of enchant weapon {unknown}
 g - 2 scrolls of teleportation
 i - a scroll of fog
 o - a scroll of identify
 r - a scroll of recharging {unknown}
 y - a scroll of enchant armour {unknown}
Potions
 d - a potion of might
 h - a potion of degeneration
 j - a potion of ambrosia
 p - a potion of berserk rage {unknown}
 q - 2 potions of heal wounds
 t - a potion of curing
Comestibles
 f - 5 bread rations
 l - a royal jelly
 m - 3 meat rations
 s - a beef jerky
 u - a slice of pizza
 x - 7 fruits


   Skills:
 + Level 4.4 Fighting
 + Level 3.8 Axes
 + Level 4.2 Armour
 + Level 1.0 Dodging
 + Level 0.3 Stealth
 + Level 4.2 Shields


You had 3 spell levels left.
You didn't know any spells.

Dungeon Overview and Level Annotations

Branches:
Dungeon (3/15)

Altars:
Okawaru
Uskayaw
Zin
The Shining One


Innate Abilities, Weirdness & Mutations

You reflexively headbutt those who attack you in melee.
You have a pair of horns on your head.


Message History

You now have 154 gold pieces (gained 11).
You now have 164 gold pieces (gained 10).
x - 7 fruits (gained 5)
An ogre comes into view. It is wielding a giant club.
The ogre shouts!
The ogre moves out of view.
The ogre is too close now for your liking.
Throwing (i - inventory. (,) - cycle):
w - 9 tomahawks (quivered)
Press: ? - help, Shift-Dir - straight line, f - ogre
Aim: an ogre, wielding a giant club You throw a tomahawk.
The tomahawk hits the ogre.
The ogre is lightly wounded.
The ogre hits you with a giant club!
You closely miss the ogre. Your headbutt misses the ogre.
The ogre hits you with a giant club!!
* * * LOW HITPOINT WARNING * * *
You hit the ogre.
The ogre is lightly wounded.
The ogre hits you with a giant club!
You die...

.#.###...###.## .#
.#................
.#.###...###..##.#
.#)###...# #..##.#
.........# #..##.#
.##.#....# #..##.#
.##.#....###..##.#
.##.#............####.#.
.........###....@.......
.##.##.#.# #..##O####...
.##....#.###..##(#
.##.##............
.##................
....####.###.###.#..
.##.# #.........#..#
##### ..##. ...#.. ###
.# #


You could see an ogre.

Vanquished Creatures
  5 adders
  An ooze (D:2)
  A dart slug (D:2)
  2 leopard geckos (D:2)
  2 orcs (D:3)
  2 ball pythons
  2 giant cockroaches
  3 goblins
  6 hobgoblins
  4 jackals (D:2)
  2 quokkas
  4 bats
  4 frilled lizards
  9 kobolds
  6 rats
53 creatures vanquished.

Notes
Turn   | Place    | Note
-------+----------+-------------------------------------------
     0 | D:1      | CanadianGator the Minotaur Fighter began the quest for the Orb.
     0 | D:1      | Reached XP level 1. HP: 19/19 MP: 0/0
   147 | D:1      | Reached XP level 2. HP: 16/27 MP: 1/1
   321 | D:1      | You fall through a shaft!
   408 | D:2      | Found an iron altar of Okawaru.
   419 | D:2      | Found a glowing golden altar of the Shining One.
   440 | D:2      | Became a worshipper of Warmaster Okawaru
   514 | D:2      | Reached XP level 3. HP: 33/33 MP: 2/2
   591 | D:2      | Found a glowing silver altar of Zin.
   734 | D:2      | Found a faded altar of an unknown god.
   734 | D:2      | Found a hide-covered altar of Uskayaw.
   741 | D:2      | Found a faded altar of an unknown god.
   743 | D:2      | Found a faded altar of an unknown god.
   745 | D:2      | Found a faded altar of an unknown god.
   847 | D:2      | Reached XP level 4. HP: 39/41 MP: 3/3
  1089 | D:3      | Found a faded altar of an unknown god.
  1313 | D:3      | Reached skill level 1 in Dodging
  1370 | D:3      | You fall through a shaft!
  1417 | D:4      | Noticed an ogre
  1422 | D:4      | Mangled by an ogre

Skill      XL: |  1  2  3  4 |
---------------+-------------+-----
Fighting       | 4 |  4.4
Armour         | 4 |  4.2
Axes           | 3 |  3.8
Shields        | 4 |  4.2
Dodging        | 1 |  1.0
Stealth        | |  0.3

Action                   |  1- 3 |  4- 6 || total
-------------------------+-------+-------++-------
Melee: War axe           |    99 |    34 ||   133
       Headbutt          |    10 |     3 ||    13
Throw: Tomahawk          |       |     1 ||     1
  Use: Scroll            |       |    11 ||    11
Armor: Scale mail        |    49 |    12 ||    61
Dodge: Dodged            |    31 |    12 ||    43
Block: Shield            |    51 |    19 ||    70
